[Event "Titled Tuesday Blitz March 15 Late 2022"]
[White "Pesotskiy, Mikhail"]
[Black "Mekhitarian, Krikor Sevag"]
[WhiteFideId "34164453"]
[BlackFideId "2107660"]
[WhiteElo "2010"]
[BlackElo "2598"]
[Result "1/2-1/2"]
[Round "07"]
[TimeControl "180+1"]
[Date "2022.03.16"]
[WhiteClock "0:00:04"]
[BlackClock "0:00:06"]

1. d4 Nf6 2. c4 g6 3. Nc3 d5 4. Bg5 Bg7 5. Bxf6 Bxf6 6. cxd5 c6 7. e3 cxd5 8. Bb5+ Nc6 9. Nf3 O-O 10. O-O Bg7 11. Bxc6 bxc6 12. Rc1 Qd6 13. Na4 f6 14. Qc2 Bd7 15. Qc5 Rfb8 16. b3 Rb5 17. Qc3 e5 18. Nc5 Bg4 19. Nd2 Re8 20. Nd3 Bd7 21. Rfd1 e4 22. Nc5 f5 23. Nxd7 Qxd7 24. Qxc6 Rb7 25. Qxd7 Rxd7 26. Rc6 Bf8 27. Rdc1 Bb4 28. Nb1 Kf7 29. Rc7 Ree7 30. Rxd7 Rxd7 31. a3 Bd6 32. b4 a5 33. b5 a4 34. Rc6 Ke7 35. Nc3 Bxa3 36. Nxa4 Rb7 37. Nc3 Kd7 38. Ra6 Bb2 39. Nxd5 Rxb5 40. Nf6+ Ke7 41. g3 h5 42. h4 Bc3 43. Nh7 Rb1+ 44. Kg2 Rb2 45. Ng5 Bd2 46. Ra3 Be1 47. Nh3 Kf6 48. Kf1 Bb4 49. Ra6+ Kf7 50. Ng5+ Kg7 51. Nh3 Rb1+ 52. Kg2 Rb2 53. Ra4 Bd2 54. Ra3 Bc1 55. Ra7+ Kf6 56. Ra6+ Kf7 57. Kf1 Rb1 58. Ra7+ Ke8 59. Kg2 Rb2 60. Kg1 Rb1 61. Kg2 Rb2 62. Kf1 Rb1 63. Ke2 Rb2+ 64. Kf1 Rb1 1/2-1/2


[Site "https://www.chess.com"]

[Event "Titled Tuesday Blitz March 15 Late 2022"]
[White "Petre, Nad-Titus"]
[Black "Zaksaite, Salomeja"]
[WhiteFideId "1204165"]
[BlackFideId "12801496"]
[WhiteElo "2354"]
[BlackElo "1953"]
[Result "0-1"]
[Round "07"]
[TimeControl "180+1"]
[Date "2022.03.16"]
[WhiteClock "0:00:32"]
[BlackClock "0:01:19"]

1. Nf3 Nf6 2. c4 g6 3. d4 Bg7 4. Nc3 d5 5. Bf4 O-O 6. e3 c5 7. dxc5 Qa5 8. Rc1 dxc4 9. Be5 Qxc5 10. Qa4 Bd7 11. Qxc4 Qxc4 12. Bxc4 Nc6 13. Bxf6 Bxf6 14. h3 Rac8 15. Bb5 a6 16. Ba4 b5 17. Bb3 Na5 18. Ke2 Nxb3 19. axb3 b4 20. Nd5 Bb5+ 21. Kd2 Rcd8 22. e4 e6 23. Ke3 exd5 24. e5 Bg7 25. Rhd1 Bh6+ 0-1


[Site "https://www.chess.com"]

[Event "Titled Tuesday Blitz March 15 Late 2022"]
[White "Petrova, Irina"]
[Black "Plazuelo Pascual, Juan"]
[WhiteFideId "14124122"]
[BlackFideId "32059566"]
[WhiteElo "1993"]
[BlackElo "2364"]
[Result "1-0"]
[Round "07"]
[TimeControl "180+1"]
[Date "2022.03.16"]
[WhiteClock "0:00:28"]
[BlackClock "0:01:46"]

1. e4 e5 2. Nf3 Nf6 3. Nxe5 d6 4. Nf3 Nxe4 5. Bd3 Nf6 6. O-O Be7 7. Re1 O-O 8. Bf1 d5 9. d4 h6 10. c4 Bg4 11. h3 Bh5 12. Nc3 Nc6 13. g4 Bg6 14. Bf4 Nb4 15. Rc1 dxc4 16. Bxc4 Nbd5 17. Bg3 Re8 18. Ne5 Bh7 19. Nxd5 Nxd5 20. Qf3 c6 21. Qxf7+ Kh8 22. Ng6+ Bxg6 23. Qxg6 Bf6 24. Bd3 Rxe1+ 25. Rxe1 Qg8 26. h4 Rf8 27. g5 Ne7 28. Qh5 Bxd4 29. Rxe7 Qd5 30. Qg6 Bxf2+ 31. Bxf2 1-0


[Site "https://www.chess.com"]

[Event "Titled Tuesday Blitz March 15 Late 2022"]
[White "Pichot, Alan"]
[Black "Martinez Alcantara, Jose Eduardo"]
[WhiteFideId "110973"]
[BlackFideId "3805662"]
[WhiteElo "2871"]
[BlackElo "2924"]
[Result "1-0"]
[Round "07"]
[TimeControl "180+1"]
[Date "2022.03.15"]
[WhiteClock "0:00:51"]
[BlackClock "0:00:03"]

1. e4 Nc6 2. Nf3 e5 3. Bb5 a6 4. Ba4 Bc5 5. O-O Nge7 6. c3 Ng6 7. d4 Ba7 8. Bg5 f6 9. Be3 O-O 10. Nbd2 d6 11. h3 Qe7 12. Re1 Kh8 13. Bc2 Nd8 14. Nf1 Ne6 15. Ng3 Nef4 16. Qd2 Be6 17. Nf5 Qe8 18. g3 Nxh3+ 19. Kg2 Ng5 20. Bxg5 fxg5 21. Nxg5 Bg8 22. Rh1 Rf6 23. Rh3 Nf8 24. Rah1 Rd8 25. Nf3 d5 26. Nxe5 dxe4 27. Qg5 Ne6 28. Qg4 g6 29. Nh6 Nxd4 30. Nxg8 Kxg8 31. Rxh7 Rxf2+ 32. Kxf2 Nf5+ 33. Ke1 Qxe5 34. Qxg6+ 1-0


[Site "https://www.chess.com"]

[Event "Titled Tuesday Blitz March 15 Late 2022"]
[White "Piliczewski, Bogusz"]
[Black "Van den Dikkenberg, Erik"]
[WhiteFideId "1104144"]
[BlackFideId "1005880"]
[WhiteElo "1896"]
[BlackElo "2118"]
[Result "0-1"]
[Round "07"]
[TimeControl "180+1"]
[Date "2022.03.16"]
[WhiteClock "0:00:36"]
[BlackClock "0:01:10"]

1. d4 Nf6 2. Nf3 g6 3. Bf4 Bg7 4. e3 d6 5. h3 O-O 6. Be2 Nbd7 7. O-O Re8 8. c4 c6 9. Bh2 e5 10. Nc3 Qe7 11. c5 dxc5 12. dxe5 Nd5 13. Nxd5 cxd5 14. Qxd5 Nxe5 15. Bxe5 Bxe5 16. Nxe5 Qxe5 17. Qxe5 Rxe5 18. Bf3 Rb8 19. Rfd1 Be6 20. Rd2 b5 21. a3 a5 22. Rad1 b4 23. axb4 axb4 24. Rd8+ Rxd8 25. Rxd8+ Kg7 26. Kf1 c4 27. Ke2 Ra5 28. Kd2 Ra2 29. Kc2 c3 30. Bd5 Rxb2+ 31. Kc1 Bxd5 32. Rxd5 Rxf2 33. Rb5 Rxg2 34. Rxb4 Rg3 35. Re4 Rxh3 36. Kc2 f5 37. Re8 Kf7 38. Re5 Kf6 39. Re8 h5 40. Kxc3 f4 41. Rf8+ Kg5 42. Kd2 Rxe3 43. Ra8 Re5 44. Ra4 Kg4 45. Ra6 g5 46. Ra1 f3 47. Rg1+ Kf4 48. Rh1 g4 49. Ra1 h4 0-1


[Site "https://www.chess.com"]

[Event "Titled Tuesday Blitz March 15 Late 2022"]
[White "Postnikov, Daniil"]
[Black "Ljukin, Sergei"]
[WhiteFideId "4166329"]
[BlackFideId "14102200"]
[WhiteElo "2261"]
[BlackElo "2312"]
[Result "0-1"]
[Round "07"]
[TimeControl "180+1"]
[Date "2022.03.16"]
[WhiteClock "0:00:02"]
[BlackClock "0:01:07"]

1. e4 e6 2. d4 d5 3. exd5 exd5 4. Nf3 Nf6 5. Bg5 Be7 6. Bd3 O-O 7. O-O Bg4 8. h3 Bh5 9. Nbd2 Nbd7 10. Re1 c6 11. Nf1 Re8 12. Ng3 Bg6 13. Bxg6 hxg6 14. Qd3 Qb6 15. b3 Bd6 16. c4 Bxg3 17. fxg3 Ne4 18. Bf4 f6 19. g4 g5 20. Bh2 a5 21. Nd2 Nxd2 22. Qxd2 a4 23. cxd5 cxd5 24. Rxe8+ Rxe8 25. bxa4 Re4 26. Rd1 Ne5 27. Bxe5 fxe5 28. Qxg5 Rxd4 29. Rxd4 Qxd4+ 30. Kh1 Qb6 31. Qxe5 Qd8 32. Qd4 Qd6 33. a5 Qe6 34. Qd2 Qe4 35. Qb2 d4 36. Qb3+ Kh7 37. Kg1 d3 38. Qd1 Qe3+ 39. Kh2 Qe2 0-1


[Site "https://www.chess.com"]

[Event "Titled Tuesday Blitz March 15 Late 2022"]
[White "Prohorov, Olexandr"]
[Black "Roberson, Peter T"]
[WhiteFideId "14105578"]
[BlackFideId "412384"]
[WhiteElo "1993"]
[BlackElo "2346"]
[Result "0-1"]
[Round "07"]
[TimeControl "180+1"]
[Date "2022.03.16"]
[WhiteClock "0:00:57"]
[BlackClock "0:02:03"]

1. Nf3 c5 2. e4 d6 3. c3 Nf6 4. Be2 g6 5. Bb5+ Nc6 6. d4 Qb6 7. Bxc6+ bxc6 8. Qe2 cxd4 9. cxd4 Bg7 10. Nc3 O-O 11. Be3 Ng4 12. Bg5 Ba6 13. Qd2 Rab8 14. O-O-O c5 15. Nd5 Qb7 16. h3 Nf6 17. Bxf6 exf6 18. h4 f5 19. exf5 Qxd5 0-1


[Site "https://www.chess.com"]

[Event "Titled Tuesday Blitz March 15 Late 2022"]
[White "Quesada Perez, Yuniesky"]
[Black "Niemann, Hans Moke"]
[WhiteFideId "3504409"]
[BlackFideId "2093596"]
[WhiteElo "2854"]
[BlackElo "2958"]
[Result "0-1"]
[Round "07"]
[TimeControl "180+1"]
[Date "2022.03.15"]
[WhiteClock "0:00:01"]
[BlackClock "0:01:32"]

1. e4 g6 2. d4 Bg7 3. Nc3 c6 4. Nf3 d5 5. h3 dxe4 6. Nxe4 Nf6 7. Nxf6+ exf6 8. Bd3 O-O 9. O-O Nd7 10. c3 Nb6 11. Re1 Be6 12. a4 a5 13. Bd2 Re8 14. Qc2 Bd5 15. Nh2 f5 16. Nf1 Be6 17. Bf4 Bf8 18. Nd2 Nd5 19. Bh2 Bd6 20. Bxd6 Qxd6 21. Nc4 Qc7 22. Ne5 f6 23. Nc4 Nf4 24. Bf1 Bd5 25. Ne3 Bf7 26. Qd2 Rad8 27. Bc4 Ne6 28. Nf1 Ng5 29. Bxf7+ Qxf7 30. Rxe8+ Rxe8 31. Re1 Ne4 32. Qc2 Nd6 33. Rxe8+ Qxe8 34. Qd1 Qe6 35. Nd2 Kf7 36. b3 f4 37. Nf3 Qe4 38. c4 Nf5 39. Kh2 g5 40. Qd2 h5 41. Qxa5 g4 42. hxg4 hxg4 43. Qc7+ Kg6 44. Nd2 g3+ 45. Kh3 gxf2 46. Nxe4 f1=Q 0-1


[Site "https://www.chess.com"]

[Event "Titled Tuesday Blitz March 15 Late 2022"]
[White "Rabineau, Clement"]
[Black "Olsen, Filip Boe"]
[WhiteFideId "628891"]
[BlackFideId "1440640"]
[WhiteElo "2237"]
[BlackElo "2188"]
[Result "1-0"]
[Round "07"]
[TimeControl "180+1"]
[Date "2022.03.16"]
[WhiteClock "0:00:15"]
[BlackClock "0:00:18"]

1. e4 c6 2. d4 d5 3. exd5 cxd5 4. c4 Nf6 5. Nc3 Nc6 6. Nf3 Bg4 7. cxd5 Nxd5 8. Qb3 Bxf3 9. gxf3 e6 10. Qxb7 Nxd4 11. Bb5+ Nxb5 12. Qxb5+ Qd7 13. Nxd5 exd5 14. Qxd7+ Kxd7 15. Be3 Bb4+ 16. Ke2 Ke6 17. h3 Ba5 18. a3 Bb6 19. b4 Rhc8 20. Rhc1 d4 21. Rxc8 Rxc8 22. Rc1 Rxc1 23. Bxc1 Kd5 24. Kd3 f6 25. Bb2 a6 26. Ba1 h5 27. Bb2 g5 28. Bc1 Bc7 29. Bb2 Be5 30. f4 gxf4 31. f3 f5 32. Ba1 Bf6 33. Bb2 Be5 34. Bc1 Bc7 35. Bd2 Be5 36. Be1 Kc6 37. Kc4 d3 38. a4 Bd6 39. Bd2 Bc7 40. Kxd3 Kd5 41. Bc1 Bd6 42. b5 axb5 43. axb5 Kc5 44. Ba3+ Kd5 45. Bxd6 Kxd6 46. Kd4 Kc7 47. Ke5 Kb6 48. Kxf4 Kxb5 49. Kxf5 Kc6 50. Ke6 1-0


[Site "https://www.chess.com"]

[Event "Titled Tuesday Blitz March 15 Late 2022"]
[White "Reprintsev, Alexander"]
[Black "Borodavkin, Anatoly"]
[WhiteFideId "14100541"]
[BlackFideId "14150662"]
[WhiteElo "2108"]
[BlackElo "1845"]
[Result "1-0"]
[Round "07"]
[TimeControl "180+1"]
[Date "2022.03.16"]
[WhiteClock "0:01:12"]
[BlackClock "0:00:01"]

1. e4 e5 2. Nf3 Nf6 3. Bc4 Nxe4 4. Nc3 Nxc3 5. dxc3 f6 6. O-O d6 7. Nh4 g6 8. f4 f5 9. Nf3 e4 10. Ng5 Qe7 11. Nf7 d5 12. Qxd5 c6 13. Qd4 Rg8 14. Nd6+ Qxd6 15. Bxg8 Qc7 16. Be3 Nd7 17. Rad1 Bc5 18. Qd2 Bxe3+ 19. Qxe3 Nf6 20. Bb3 Bd7 21. Qd4 Ng4 22. Bf7+ Kxf7 23. Qxd7+ Qxd7 24. Rxd7+ Ke6 25. Rxb7 Rd8 26. h3 Ne3 27. Re1 Nxc2 28. Rc1 Ne3 29. Kf2 Nc4 30. Rc2 Rd1 31. Rxa7 Ra1 32. b3 Nd6 33. Rxh7 1-0


[Site "https://www.chess.com"]

[Event "Titled Tuesday Blitz March 15 Late 2022"]
[White "Risteski, Emil"]
[Black "Bryakin, Mikhail"]
[WhiteFideId "15005267"]
[BlackFideId "4165314"]
[WhiteElo "2070"]
[BlackElo "2417"]
[Result "0-1"]
[Round "07"]
[TimeControl "180+1"]
[Date "2022.03.15"]
[WhiteClock "0:00:15"]
[BlackClock "0:00:58"]

1. e4 e6 2. d3 d5 3. Nd2 c5 4. Ngf3 Nc6 5. g3 Nge7 6. Bg2 g6 7. O-O Bg7 8. Re1 O-O 9. c3 d4 10. c4 e5 11. a3 a6 12. Rb1 b5 13. b4 cxb4 14. axb4 f6 15. c5 Be6 16. Nb3 a5 17. bxa5 Nxa5 18. Nxa5 Qxa5 19. Bd2 Qc7 20. Rxb5 Rfb8 21. Rxb8+ Rxb8 22. Qc2 Bb3 23. Qc1 Nc6 24. Bh3 Bf8 25. Qa3 Bf7 26. Bf1 Rb5 27. Rc1 Qb7 28. Ne1 Rb2 29. Rc2 Rb3 30. Qc1 Rb1 31. Qa3 Qb5 32. Qa8 g5 33. Bh3 Qb7 34. Qxb7 Rxb7 35. Bc8 Rc7 36. Ba6 Na7 37. Bb4 Nc6 38. Bd2 Nb8 39. Bc4 Rxc5 40. Bxf7+ Kxf7 41. Rxc5 Bxc5 42. Kf1 g4 43. Ke2 h5 44. f3 Kg6 45. Kf2 Na6 46. Kg2 Bd6 47. h3 gxh3+ 48. Kxh3 Nc5 49. f4 Nb3 50. f5+ Kf7 51. Nf3 Nc5 52. Ne1 Bc7 53. Kh4 Nb3 54. Bb4 Nc1 55. Kxh5 Ne2 56. Kg4 Bd8 57. Kf3 Nc1 58. Kf2 Kg7 59. Kf3 Nb3 60. Ke2 Ba5 61. Bxa5 Nxa5 62. Nc2 Kh6 63. Nb4 Kg5 64. Nd5 Nb3 65. Ne7 Kh6 66. Ng8+ Kg5 67. Ne7 Nc5 68. Nd5 Na4 69. Kd2 Nc5 70. Kc2 Nd7 71. Kb3 Kg4 72. Kc4 Kxg3 73. Kb5 Kf3 74. Kc6 Nb8+ 75. Kb7 Nd7 76. Kc6 Nb8+ 77. Kd6 Ke2 78. Nxf6 Kxd3 79. Nd7 Nxd7 80. Kxd7 Kxe4 81. f6 d3 82. f7 d2 83. f8=Q d1=Q+ 84. Ke8 Qa4+ 85. Kf7 Qd7+ 86. Kg6 Qg4+ 87. Kh7 Qf5+ 88. Kh6 Qxf8+ 89. Kh5 0-1


[Site "https://www.chess.com"]

[Event "Titled Tuesday Blitz March 15 Late 2022"]
[White "Romero Ruscalleda, Josep"]
[Black "Royal, Shreyas"]
[WhiteFideId "2231859"]
[BlackFideId "448869"]
[WhiteElo "2325"]
[BlackElo "1986"]
[Result "1-0"]
[Round "07"]
[TimeControl "180+1"]
[Date "2022.03.16"]
[WhiteClock "0:00:15"]
[BlackClock "0:00:21"]

1. e4 e5 2. Nf3 Nc6 3. Bc4 Bc5 4. c3 Nf6 5. b4 Bb6 6. d3 O-O 7. O-O d6 8. a4 a5 9. b5 Ne7 10. Bb3 Ng6 11. g3 Bh3 12. Re1 Ng4 13. d4 c6 14. Qd3 h6 15. Nbd2 exd4 16. cxd4 c5 17. Nc4 cxd4 18. Nxb6 Qxb6 19. Bb2 N6e5 20. Nxe5 Nxe5 21. Qd1 Bg4 22. Qc1 Nf3+ 23. Kg2 Nxe1+ 24. Qxe1 d3 25. f3 Be6 26. Qc3 f6 27. Bxe6+ Kh8 28. Qxd3 Qc5 29. Bd5 Rac8 30. Bd4 Qb4 31. Kh3 b6 32. Bxb6 Rc3 33. Qd2 f5 34. Bd4 Rxf3 35. Qxb4 axb4 36. b6 Rd3 37. Bg1 fxe4 38. Bxe4 Ra3 39. Rxa3 bxa3 40. Bd5 Rf1 41. b7 Rb1 42. Bd4 a2 43. a5 a1=Q 44. Bxa1 Rxa1 45. b8=Q+ 1-0


[Site "https://www.chess.com"]

[Event "Titled Tuesday Blitz March 15 Late 2022"]
[White "Sadilek, Peter"]
[Black "Fishbein, Alexander"]
[WhiteFideId "1616439"]
[BlackFideId "2000377"]
[WhiteElo "2145"]
[BlackElo "2442"]
[Result "0-1"]
[Round "07"]
[TimeControl "180+1"]
[Date "2022.03.16"]
[WhiteClock "0:00:02"]
[BlackClock "0:01:00"]

1. d4 Nf6 2. Nf3 g6 3. c4 Bg7 4. Nc3 O-O 5. e4 d6 6. Be2 e5 7. d5 Na6 8. Bg5 h6 9. Bh4 g5 10. Bg3 Nh5 11. h4 Nxg3 12. fxg3 gxh4 13. Rxh4 f5 14. Qd2 Nc5 15. O-O-O Qf6 16. Bd3 f4 17. gxf4 exf4 18. Bc2 Bd7 19. Rf1 a6 20. Rfh1 b5 21. e5 dxe5 22. Ne4 Nxe4 23. Bxe4 bxc4 24. d6 Qxd6 25. Qd5+ Be6 26. Qxd6 cxd6 27. Bxa8 Rxa8 28. Rd1 d5 29. Rh5 e4 30. Nd4 Bg4 31. Rxd5 Bxd1 32. Kxd1 Re8 33. Nf5 Bxb2 34. Nxh6+ Kg7 35. Nf5+ Kf6 36. Nd6 Ke6 37. Rf5 Kxd6 0-1


[Site "https://www.chess.com"]

[Event "Titled Tuesday Blitz March 15 Late 2022"]
[White "Sanchez Alvares, Kelvin Antonio"]
[Black "Kosteniuk, Alexandra"]
[WhiteFideId "3906680"]
[BlackFideId "4128125"]
[WhiteElo "2193"]
[BlackElo "2469"]
[Result "0-1"]
[Round "07"]
[TimeControl "180+1"]
[Date "2022.03.15"]
[WhiteClock "0:00:02"]
[BlackClock "0:00:17"]

1. e4 c6 2. d4 d5 3. e5 c5 4. dxc5 e6 5. Be3 Nc6 6. Bb5 Bd7 7. Bxc6 Bxc6 8. Bd4 Ne7 9. Nf3 Nf5 10. c3 Bb5 11. a4 Ba6 12. b4 Bc4 13. Na3 Be7 14. Nxc4 dxc4 15. O-O O-O 16. Qe2 Qd5 17. a5 f6 18. Rfe1 Rae8 19. a6 Nxd4 20. Nxd4 Bd8 21. axb7 Qxb7 22. Qxc4 fxe5 23. Rxe5 Qf7 24. Nf3 Bc7 25. Re4 Qg6 26. Rae1 Rf6 27. Rg4 Qh5 28. Qe4 Ref8 29. h3 h6 30. Re3 Qf7 31. Ne5 Qe8 32. f4 Qa4 33. c6 Qd1+ 34. Re1 Qd2 35. Re3 Bb6 36. Nc4 Bxe3+ 37. Qxe3 Qxe3+ 38. Nxe3 e5 39. fxe5 Rxc6 40. c4 Re6 41. Re4 Rfe8 42. Ng4 h5 43. Ne3 Rxe5 44. Rxe5 Rxe5 45. Kf2 Kf7 46. Ke2 Ke6 47. Kd3 Rg5 48. g4 hxg4 49. hxg4 g6 50. Kd4 Kd6 51. b5 Rc5 52. Nd5 Rc8 53. Nf4 g5 54. Nd3 Rf8 55. c5+ Ke6 56. Ke4 Rb8 57. c6 Rxb5 58. c7 Kd7 59. Ne5+ Kxc7 60. Nf3 a5 0-1


[Site "https://www.chess.com"]

[Event "Titled Tuesday Blitz March 15 Late 2022"]
[White "Sanchez, Robert"]
[Black "Romanchuk, Viktor"]
[WhiteFideId "2034360"]
[BlackFideId "14109271"]
[WhiteElo "2317"]
[BlackElo "2242"]
[Result "0-1"]
[Round "07"]
[TimeControl "180+1"]
[Date "2022.03.16"]
[WhiteClock "0:00:07"]
[BlackClock "0:00:21"]

1. e4 e6 2. d4 d5 3. Nc3 dxe4 4. Nxe4 Nd7 5. Nf3 Ngf6 6. Nxf6+ Nxf6 7. Bd3 c5 8. dxc5 Bxc5 9. Bg5 O-O 10. Qe2 h6 11. h4 Qa5+ 12. Bd2 Qb6 13. O-O-O e5 14. Qxe5 Bxf2 15. Rdf1 Bg4 16. Bc3 Rfe8 17. Qb5 Ne4 18. Bxe4 Rxe4 19. Qxb6 Bxb6 20. Ne5 Be6 21. Re1 Ra4 22. a3 Rc8 23. Re2 Bc5 24. Bd2 Bd4 25. Nd3 Bc4 26. Kb1 Bf6 27. g4 Bxd3 28. cxd3 Rxg4 29. h5 Rg3 30. d4 Bxd4 31. Re7 b5 32. Rf1 Rg2 33. Bc3 Bxc3 34. bxc3 Rxc3 35. Rfxf7 Rb3+ 36. Kc1 Rxa3 37. Rb7 Ra1# 0-1


[Site "https://www.chess.com"]

[Event "Titled Tuesday Blitz March 15 Late 2022"]
[White "Seul, Georg"]
[Black "Abdyzhapar, Asylbek"]
[WhiteFideId "4601653"]
[BlackFideId "13800337"]
[WhiteElo "2271"]
[BlackElo "2331"]
[Result "0-1"]
[Round "07"]
[TimeControl "180+1"]
[Date "2022.03.15"]
[WhiteClock "0:00:10"]
[BlackClock "0:01:27"]

1. e4 d6 2. d4 Nf6 3. Nc3 g6 4. h3 Bg7 5. g4 O-O 6. Bg2 e5 7. Nge2 Nc6 8. Be3 a6 9. O-O Bd7 10. Qd2 h5 11. g5 Nh7 12. f4 exf4 13. Bxf4 h4 14. Rad1 Qe7 15. Nd5 Qd8 16. c3 Ne7 17. Nf6+ Nxf6 18. gxf6 Bxf6 19. Bxd6 Bg7 20. Bf4 f6 21. Bh6 g5 22. Bxg7 Kxg7 23. e5 Ng6 24. exf6+ Rxf6 25. Rxf6 Qxf6 26. Rf1 Qe7 27. d5 Re8 28. Nd4 Nf4 29. Ne6+ Bxe6 30. dxe6 Qxe6 31. Bxb7 Nxh3+ 32. Kh1 Nf4 33. Bf3 Qh3+ 34. Kg1 Qg3+ 35. Kh1 Qh3+ 36. Kg1 Qe6 37. Kh1 Re7 38. Qd4+ Qe5 39. Qd8 Rf7 40. Rg1 Nh3 0-1


[Site "https://www.chess.com"]

[Event "Titled Tuesday Blitz March 15 Late 2022"]
[White "Shimanov, Aleksandr"]
[Black "Lazavik, Denis"]
[WhiteFideId "4198603"]
[BlackFideId "13515110"]
[WhiteElo "2897"]
[BlackElo "2966"]
[Result "1/2-1/2"]
[Round "07"]
[TimeControl "180+1"]
[Date "2022.03.15"]
[WhiteClock "0:00:05"]
[BlackClock "0:00:05"]

1. e4 e5 2. Nf3 Nc6 3. Nc3 Nf6 4. h3 d5 5. exd5 Nxd5 6. Bb5 Nxc3 7. bxc3 Bd6 8. O-O O-O 9. Re1 Qf6 10. d4 exd4 11. cxd4 h6 12. Bb2 Ne7 13. Bd3 Bf5 14. c4 Bxd3 15. Qxd3 Ng6 16. g3 Rfe8 17. Kg2 Bf8 18. Qb3 b6 19. d5 Qf5 20. Qa4 Rxe1 21. Rxe1 Bc5 22. Qb3 Rd8 23. Qc3 f6 24. a4 Kh7 25. Nd4 Bxd4 26. Qxd4 c6 27. Rd1 cxd5 28. cxd5 Ne5 29. d6 Qf3+ 30. Kg1 Rd7 31. Re1 Nd3 32. Re7 Rxd6 33. Qxd6 Qxf2+ 34. Kh1 Qf3+ 35. Kh2 Qf2+ 36. Kh1 Qf3+ 37. Kh2 Qf2+ 38. Kh1 1/2-1/2


[Site "https://www.chess.com"]

[Event "Titled Tuesday Blitz March 15 Late 2022"]
[White "Sinitsina, Anastassia"]
[Black "Ciolek, Andreas"]
[WhiteFideId "4504640"]
[BlackFideId "12906727"]
[WhiteElo "2144"]
[BlackElo "2215"]
[Result "0-1"]
[Round "07"]
[TimeControl "180+1"]
[Date "2022.03.16"]
[WhiteClock "0:00:08"]
[BlackClock "0:00:04"]

1. Nf3 Nf6 2. g3 g6 3. Bg2 Bg7 4. O-O O-O 5. d4 d6 6. c4 c5 7. Nc3 Nc6 8. h3 cxd4 9. Nxd4 Nxd4 10. Qxd4 Be6 11. Qd3 Qc8 12. Kh2 Bxc4 13. Qe3 Be6 14. Bd2 Qb8 15. Rac1 Rc8 16. b3 Rc7 17. Nb5 Rxc1 18. Rxc1 Ne8 19. Nd4 Bxd4 20. Qxd4 Bd7 21. Qe4 e5 22. Qxb7 Qxb7 23. Bxb7 Rb8 24. Bf3 Kf8 25. Bh6+ Ke7 26. Be3 a6 27. h4 f5 28. Bg5+ Ke6 29. Rd1 e4 30. Bg2 Bb5 31. e3 Rc8 32. Rd2 Rc1 33. f3 d5 34. fxe4 dxe4 35. g4 Bd3 36. Kg3 Nc7 37. h5 Nd5 38. hxg6 hxg6 39. gxf5+ gxf5 40. Rf2 Re1 41. Bh3 Nxe3 42. Bxe3 Rxe3+ 43. Kh4 Rf3 44. Rxf3 exf3 45. Kg3 Be4 46. Kf2 Kd5 47. Bf1 a5 48. Ke3 Kc5 49. a3 Bc2 50. b4+ axb4 51. Kxf3 bxa3 0-1


[Site "https://www.chess.com"]

[Event "Titled Tuesday Blitz March 15 Late 2022"]
[White "Solon, Nathan"]
[Black "Khanin, Semen"]
[WhiteFideId "2017229"]
[BlackFideId "4111990"]
[WhiteElo "2586"]
[BlackElo "2442"]
[Result "1/2-1/2"]
[Round "07"]
[TimeControl "180+1"]
[Date "2022.03.15"]
[WhiteClock "0:00:21"]
[BlackClock "0:00:10"]

1. d4 Nf6 2. Bg5 c5 3. Bxf6 exf6 4. Nc3 d5 5. dxc5 d4 6. Ne4 Nc6 7. Nf3 Bf5 8. Nd6+ Bxd6 9. cxd6 Qxd6 10. a3 O-O 11. g3 Rfe8 12. Bg2 d3 13. cxd3 Bxd3 14. O-O Rxe2 15. Ne1 Rd8 16. Nxd3 Qxd3 17. Qxd3 Rxd3 18. Rfd1 Rxd1+ 19. Rxd1 g6 20. b4 Ra2 21. Rd7 Ra1+ 22. Bf1 Rxa3 23. Rxb7 Ne5 24. Kg2 g5 25. h3 h5 26. f4 gxf4 27. gxf4 Ng6 28. Bc4 Nxf4+ 29. Kf1 Ne6 30. h4 Kf8 31. Be2 Nf4 32. Bc4 a5 33. b5 Ne6 34. b6 Ra1+ 35. Kf2 Rb1 36. Be2 Nc5 37. Rc7 Ne4+ 38. Ke3 Ng3 39. b7 Nxe2 40. Rc8+ Kg7 41. b8=Q Rxb8 42. Rxb8 Ng3 43. Rb5 Kg6 44. Kf4 Ne2+ 45. Ke3 Ng3 46. Kf4 Ne2+ 47. Ke3 Ng3 1/2-1/2


[Site "https://www.chess.com"]

[Event "Titled Tuesday Blitz March 15 Late 2022"]
[White "Suleymanli, Aydin"]
[Black "Ezat, Mohamed"]
[WhiteFideId "13413937"]
[BlackFideId "10600906"]
[WhiteElo "2832"]
[BlackElo "2623"]
[Result "1-0"]
[Round "07"]
[TimeControl "180+1"]
[Date "2022.03.15"]
[WhiteClock "0:00:07"]
[BlackClock "0:00:08"]

1. e4 c6 2. d4 d5 3. e5 Bf5 4. Nd2 e6 5. Nb3 Nd7 6. Nf3 Ne7 7. h4 Bg4 8. Qd3 Bh5 9. Be2 c5 10. dxc5 Nc6 11. c3 Nxc5 12. Nxc5 Bxc5 13. Ng5 Bg6 14. Qg3 Qc7 15. Bf4 Bf5 16. O-O h6 17. Nf3 O-O-O 18. b4 g5 19. hxg5 hxg5 20. Bxg5 Be7 21. b5 Na5 22. Bxe7 Qxe7 23. Qg5 Qc5 24. Qe3 Qc7 25. Nd4 Be4 26. f3 Bg6 27. Kf2 Rdg8 28. Rh1 Kb8 29. g4 Rc8 30. Rxh8 Rxh8 31. Kg2 f5 32. Rh1 Rxh1 33. Kxh1 fxg4 34. Nxe6 Qh7+ 35. Kg2 Qh3+ 36. Kf2 Qh4+ 37. Kf1 g3 38. Nf4 Qg5 39. e6 Be8 40. e7 Nc4 41. Bxc4 dxc4 42. Kg2 Kc7 43. Ne6+ Kd6 44. Nxg5 Bxb5 45. Qf4+ Kc6 46. Kxg3 Kb6 47. Qe5 Ka5 48. Ne4 b6 49. Qd6 a6 50. Qb4# 1-0


[Site "https://www.chess.com"]

[Event "Titled Tuesday Blitz March 15 Late 2022"]
[White "Swicarz, Maciej"]
[Black "Sochacki, Christophe"]
[WhiteFideId "1113585"]
[BlackFideId "662569"]
[WhiteElo "2057"]
[BlackElo "2480"]
[Result "0-1"]
[Round "07"]
[TimeControl "180+1"]
[Date "2022.03.16"]
[WhiteClock "0:00:02"]
[BlackClock "0:00:41"]

1. c4 e5 2. Nc3 Nc6 3. Nf3 Bc5 4. e3 d6 5. a3 a6 6. d4 Ba7 7. dxe5 Nxe5 8. Nxe5 dxe5 9. Qxd8+ Kxd8 10. b4 f6 11. Bb2 Be6 12. O-O-O+ Ke8 13. Nd5 Rc8 14. Be2 Ne7 15. Bf3 c6 16. Nxe7 Kxe7 17. c5 b6 18. cxb6 Bxb6 19. Kb1 c5 20. Bd5 Rb8 21. Bxe6 Kxe6 22. Rd2 cxb4 23. axb4 Rhd8 24. Rxd8 Bxd8 25. Bc3 a5 26. b5 Rxb5+ 27. Kc2 Be7 28. Rb1 Rxb1 29. Kxb1 Bb4 30. Bb2 Kd5 31. Kc2 Kc4 32. f3 a4 33. e4 a3 34. Bc1 a2 35. Kb2 Ba3+ 0-1


[Site "https://www.chess.com"]

[Event "Titled Tuesday Blitz March 15 Late 2022"]
[White "Sztokbant, Bernardo Vainzoff"]
[Black "Constantinou, Peter"]
[WhiteFideId "2115956"]
[BlackFideId "413038"]
[WhiteElo "2237"]
[BlackElo "2230"]
[Result "1-0"]
[Round "07"]
[TimeControl "180+1"]
[Date "2022.03.16"]
[WhiteClock "0:00:11"]
[BlackClock "0:00:53"]

1. e4 c5 2. Nf3 e6 3. d4 cxd4 4. Nxd4 Nf6 5. Nc3 Nc6 6. Ndb5 Bb4 7. a3 Bxc3+ 8. Nxc3 d5 9. exd5 Nxd5 10. Nxd5 exd5 11. Bd3 Qe7+ 12. Qe2 Qxe2+ 13. Bxe2 Bf5 14. c3 d4 15. O-O dxc3 16. bxc3 O-O-O 17. Be3 Bd3 18. Rfe1 Bxe2 19. Rxe2 Rd3 20. Rc1 Rhd8 21. g3 Na5 22. Bxa7 Nc6 23. Be3 R8d5 24. Kg2 Ra5 25. Ra2 Kd7 26. Kf1 Ne5 27. Ke2 Rad5 28. Bd4 Kd6 29. f4 R3xd4 30. cxd4 Nc6 31. Ke3 Rb5 32. Rc3 g6 33. a4 Rb4 34. a5 Ne7 35. Kd3 Nf5 36. Rc4 Rb1 37. g4 Ne7 38. Kc2 Rf1 39. Rb2 Nc6 40. Rxb7 Nxa5 41. Rb6+ Kd7 42. Rc5 Rf2+ 43. Kc3 Rf3+ 44. Kc2 Rf2+ 45. Kd3 Rf3+ 46. Ke4 Rb3 47. Rxb3 Nxb3 48. Rc2 Na5 49. Kd5 h6 50. g5 hxg5 51. fxg5 Nb3 52. Rc3 Nd2 53. Ra3 Nf3 54. Rxf3 Ke7 55. Rf6 Kf8 56. Ke5 Kg7 57. d5 Kf8 58. d6 Ke8 59. h3 Kd7 60. h4 Ke8 61. h5 gxh5 62. Rh6 f6+ 63. Kxf6 h4 64. Rxh4 1-0


[Site "https://www.chess.com"]